 Dungeon Crawl Stone Soup version 0.22-b1-26-g9dbaab1 (webtiles) character file.

44 Nilihum the Poker (level 3, -10/28 HPs)
             Began as a Merfolk Skald on Aug 8, 2018.
             Killed from afar by Natasha (11 damage)
             ... with a magic dart
             ... on level 2 of the Dungeon.
             The game lasted 00:02:56 (1276 turns).

Nilihum the Poker (Merfolk Skald)                   Turns: 1276, Time: 00:02:56

Health: -10/28     AC:  3    Str: 11    XL:     3   Next: 62%
Magic:  6/6        EV: 12    Int: 13    God:
Gold:   64         SH:  0    Dex: 13    Spells: 0/6 levels left

rFire    . . .     SeeInvis .   a - +0 spear
rCold    . . .     Gourm    .   (no shield)
rNeg     . . .     Faith    .   b - +0 leather armour
rPois    .         Spirit   .   (no helmet)
rElec    .         Reflect  .   h - scarf {cloud immunity}
rCorr    .         Harm     .   (no gloves)
MR       .....                  (no boots)
Stlth    +.........             (no amulet)
HPRegen  0.09/turn              (no ring)
MPRegen  0.10/turn              (no ring)

@: very slightly contaminated, slowed, very slow
A: change form in water, swift swim, stealthy swim
a: no special abilities


You were on level 2 of the Dungeon.
You were very hungry.

You visited 1 branch of the dungeon, and saw 2 of its levels.

You collected 64 gold pieces.

Inventory:

Hand Weapons
 a - a +0 spear (weapon)
Armour
 b - a +0 leather armour (worn)
 h - a scarf of cloud immunity (worn)
   (You found it on level 1 of the Dungeon)
 i - a +0 ring mail
   (You found it on level 1 of the Dungeon)
Scrolls
 c - 2 scrolls of enchant armour {unknown}
 f - a scroll of identify {unknown}
 j - a scroll of magic mapping {unknown}
Potions
 e - 2 potions of mutation {unknown}
 g - a potion of agility {unknown}
Comestibles
 d - 2 rations


   Skills:
 + Level 2.5 Fighting
 * Level 4.1 Polearms
 + Level 1.1 Armour
 + Level 3.1 Dodging
 + Level 2.2 Spellcasting
 + Level 3.5 Charms


You couldn't memorise any spells.
You knew the following spells:

 Your Spells              Type           Power        Failure   Level  Hunger
a - Infusion              Chrm           ##..         8%          1    ##.....
r - Regeneration          Chrm/Necr      #.........   43%         3    ####...
s - Shroud of Golubria    Chrm/Tloc      #.........   24%         2    ###....

Your spell library contained the following spells:

 Spells                   Type           Power        Failure   Level  Hunger
 Song of Slaying          Chrm           ##......     12%         2    ###....
 Spectral Weapon          Hex/Chrm       #.......     43%         3    ####...


Dungeon Overview and Level Annotations

Branches:
Dungeon (2/15)

Altars:

Annotations:
D:2 Jessica, Natasha


Message History

An adder comes into view.
A hobgoblin and Jessica come into view.
The hobgoblin shouts!
The adder bites you but does no damage.
You begin infusing your attacks with magical energy.
The adder bites you.
You take 3 damage, and have 25/28 hp.
You now have 5/6 mp.
You hit the adder! The adder bites you.
You take 4 damage, and have 21/28 hp.
You now have 4/6 mp.
You barely miss the adder. The adder bites you.
You take 3 damage, and have 18/28 hp.
You closely miss the adder. The adder bites you but does no damage.
You hit the adder.
You kill the adder!
You now have 3/6 mp.
You see here an adder corpse.
Jessica gestures at you while chanting. Pain shoots through your body!
Ouch! That really hurt!
* * * LOW HITPOINT WARNING * * *
You take 14 damage, and have 4/28 hp.
MASSIVE DAMAGE!!
There is a stone staircase leading up here.
You climb upwards.
There is a stone staircase leading down here.
You start resting.
Your magical infusion is running out.
You start resting.
You are no longer magically infusing your attacks.
You see here a whip.
There is an open door here.
You see here a dagger.
You are feeling hungry.
You regained 2 hp, and now have 8/28 hp.
MP restored: 6
There is an open door here.
There is an open door here.
There is a stone staircase leading down here.
You regained 3 hp, and now have 11/28 hp.
You start resting.
You are feeling very hungry.
You regained 13 hp, and now have 24/28 hp.
You start resting.
Health restored: 28 You climb downwards.
Level annotation: Jessica
There is a stone staircase leading up here.
Natasha, Servant of Life and Death comes into view.
Natasha hisses angrily.
Natasha casts a spell.
You miscast Infusion.
You are very lightly contaminated with residual magic.
Nothing appears to happen.
Natasha wildly gestures.
You feel troubled. Natasha claws you!
You take 8 damage, and have 20/28 hp.
MASSIVE DAMAGE!!
You now have 5/6 mp.
You hit Natasha. You barely miss Natasha. Natasha casts a spell at you.
The magic dart hits you!
You take 2 damage, and have 18/28 hp.
You closely miss Natasha. Natasha claws you.
You take 5 damage, and have 13/28 hp.
You hit Natasha. Natasha closely misses you.
You hit Natasha but do no damage. Natasha claws you!
* * * LOW HITPOINT WARNING * * *
You take 6 damage, and have 7/28 hp.
MASSIVE DAMAGE!!
You closely miss Natasha. Natasha casts a spell at you.
You resist with significant effort.
You hit Natasha.
Natasha wildly gestures.
Natasha glows brightly for a moment.
Natasha claws you.
* * * LOW HITPOINT WARNING * * *
You take 1 damage, and have 6/28 hp.
You closely miss Natasha. Natasha casts a spell at you.
You feel yourself slow down.
You closely miss Natasha.
Natasha mewls in sadness.
Natasha claws you.
* * * LOW HITPOINT WARNING * * *
You take 5 damage, and have 1/28 hp.
You hit Natasha. Natasha barely misses you.
MP restored: 6 You hit Natasha.
Natasha stares at you and mumbles some strange words.
You feel as though you will be slow longer.
Natasha closely misses you.
The white imp shouts, "Get thee gone, thou rough-hewn dismal-dreaming bloater!"
You hit Natasha. The white imp closely misses you.
Natasha hisses.
Natasha casts a spell at you. The magic dart hits you!
You die...

.# .# .#
.# .# .#
######h#
#....@#
#<####5#
#.# .#
..# ..
#### ###


You could see Natasha and a white imp.

Vanquished Creatures
  An adder (D:2)
  2 dart slugs (D:1)
  A leopard gecko (D:1)
  3 bats (D:1)
  2 giant cockroaches (D:1)
  4 goblins (D:1)
  5 hobgoblins (D:1)
  3 kobolds (D:1)
  3 frilled lizards (D:1)
  5 rats (D:1)
29 creatures vanquished.

Notes
Turn   | Place    | Note
-------+----------+-------------------------------------------
     0 | D:1      | Nilihum the Merfolk Skald began the quest for the Orb.
     0 | D:1      | Reached XP level 1. HP: 16/16 MP: 3/3
    21 | D:1      | Nilihum: ??armour
    21 | D:1      | beem: armour[1/5]: AC reduces incoming damage from most sources by 1d(AC+1)-1. This occurs before resistances. This can reduce it to 0. You might still get poisoned, banished etc. though. Some electric attacks (such as shock, lightning bolt, electric eel blasts) only check half of your AC. Impact damage from poison spells checks ac, the poison damage itself does not.
    21 | D:1      | Nilihum: ??armour skill
    21 | D:1      | beem: armour skill[1/2]: Armour skill reduces the penalties associated with heavy armours, and increases the effectiveness of your armour by 1/22nd of its base value per level of skill.
    21 | D:1      | Nilihum: ??armour skill[2
    21 | D:1      | beem: armour skill[2/2]: The flat EV penalty of a piece of armour is reduced by Armour skill. See {encumbrance rating}.
    39 | D:1      | Reached XP level 2. HP: 19/22 MP: 5/5
   157 | D:1      | Learned a level 2 spell: Shroud of Golubria
   303 | D:1      | Reached skill level 1 in Armour
   312 | D:1      | Reached XP level 3. HP: 28/28 MP: 6/6
   317 | D:1      | Learned a level 3 spell: Regeneration
   372 | D:1      | Reached skill level 3 in Dodging
   524 | D:1      | Reached skill level 4 in Polearms
   986 | D:2      | Noticed Jessica
  1000 | D:2      | HP: 4/28 [Jessica/nerve-wracking pain (14)]
  1263 | D:2      | Noticed Natasha
  1269 | D:2      | HP: 7/28 [Natasha (7)]
  1273 | D:2      | HP: 1/28 [Natasha (5)]
  1276 | D:2      | Killed from afar by Natasha

Skill      XL: |  1  2  3 |
---------------+----------+-----
Armour         | 1 |  1.1
Dodging        | 3 |  3.1
Polearms       | 4 |  4.1
Fighting       | |  2.5
Spellcasting   | |  2.2
Charms         | |  3.5

Action                   || total
-------------------------++-------
Melee: Spear             ||   103
 Cast: Infusion          ||     1
 Stab: Sleeping          ||     1
Armor: Leather armour    ||    12
Dodge: Dodged            ||    39

Vault maps used:
D:1:      ncdulo_lavacross
D:2:      uniq_natasha, uniq_jessica

Table legend:
 A = Turns spent in this place as a percentage of turns spent in the entire game.
 B = Non-inter-level travel turns spent in this place as a percentage of non-inter-level travel turns spent in the entire game.
 C = Inter-level travel turns spent in this place as a percentage of turns spent in this place.
 D = Turns resting spent in this place as a percentage of non-inter-level travel turns spent in this place.
 E = Turns spent auto-exploring this place as a percentage of non-inter-level travel turns spent in this place.
 F = Non-inter-level travel turns spent in this place divided by the number of levels of this place that you've seen.
                   A       B       C       D       E      F
               +-------+-------+-------+-------+-------+----------------------
         Total | 100.0 | 100.0 |   8.8 |  23.0 |  56.1 | 582.0
       Dungeon | 100.0 | 100.0 |   8.8 |  23.0 |  56.1 | 582.0
               +-------+-------+-------+-------+-------+----------------------

Table legend:
 A = Kills in this place as a percentage of kills in entire the game.
 B = Kills by you in this place as a percentage of kills by you in the entire game.
 C = Kills by friends in this place as a percentage of kills by friends in the entire game.
 D = Other kills in this place as a percentage of other kills in the entire game.
 E = Experience gained in this place as a percentage of experience gained in the entire game.
 F = Experience gained in this place divided by the number of levels of this place that you have seen.
                   A       B       C       D       E      F
               +-------+-------+-------+-------+-------+----------------------
         Total | 100.0 | 100.0 |   N/A |   N/A | 100.0 |  32.0
       Dungeon | 100.0 | 100.0 |   N/A |   N/A | 100.0 |  32.0
               +-------+-------+-------+-------+-------+----------------------
